Unix NetHack Version 5.0.0-0 post-release - last build May 31 2026 23:59:36 (970b52f25bf058293b47ddfd14a1e40e571c508c,branch:main).

Game began 2026-06-07 22:50:42, ended 2026-06-08 01:37:57.

Doran, lawful female human Samurai

      ----     #  # *##0**                                           ------
    ---..-----##--#####*##            -------                        |..|.---
    |................#####-------------.....--------------------------......|
  ---...----###-##--....................).................^.................|
  |...---    # ## *|....----.--.....--........----------...-----..)-------.--
  |..--     #  0####.........|-----.--........--      --...|   --..|     ---
  --.|      #  ###......----------|............--------..---    |.--    ----
   |.---      ###-...#-     ---..----........@.....)....---------.-------..--
   |...|      -#.....|     --................@..............................|
   ---)|      |......--    |....................--------------.---------....|
   --|)|      --......---- --......--.........@--.---     --......|..- --...--
  --.|.|       |......*..|  |-...-----..............----  |...........| |....|
  |...)|       ---.--....-- |...--   ---...............| --...|.......| ------
  |....--   ---- -----....---...|      --.|............---..----......--
---.....-----..|     ---......---       -----..-.......................|
|.........|....|       --.....|   --- ---  --....---.........---.......|
|............---      ---...---  --.---.-- |...--- ------...%.)........|
--..----....--       --.....--   |.......---.---        -----..........|
 |..|  ---..|        |..<....|   --..........|              |..........|
 ----    ----        --..--.--    -----.------              ----.|.-----
                      -------         ---                      -----
Doran the Kunoichi     St:16 Dx:15 Co:18 In:10 Wi:8 Ch:9  Lawful S:5041
Dlvl:6  $:1901 HP:0(53) Pw:23(23) AC:5  Xp:6 T:3074  Burdened

Latest messages:
 Ahaiaihai of Baneaigris picks up an orcish helm.
 You feel more confident in your weapon skills.
 You hit Ahaiaihai of Baneaigris!
 You are now more skilled in long sword.
 You kill Ahaiaihai of Baneaigris!
 There is a doorway here.
 There are several objects here.
 You hit Uthosaiakh of Baneaigris!
 You hit Uthosaiakh of Baneaigris.
 You hit Uthosaiakh of Baneaigris.
 Uthosaiakh of Baneaigris swings his orcish bow.
 Uthosaiakh of Baneaigris just misses!
 You kill Uthosaiakh of Baneaigris!
 Wait!  There's something there you can't see!
 You attack thin air.
 You hit the orc-captain!
 The orc-captain hits!
 The orc-captain hits again!
 You hit the orc-captain.
 You hit the orc-captain.
 You kill the orc-captain!
 Wait!  There's something there you can't see!
 Akhathos of Baneaigris picks up an orcish shield.
 You hear a monster behind the boulder.
 Perhaps that's why you cannot move it.
 Akhathos of Baneaigris puts on an orcish shield.
 There is a doorway here.
 There are several objects here.
 Where do you want to travel to?
 (For instructions type a '?')
 You hear someone incant TEMOV.
 Call a scroll labeled TEMOV: temov monsters read
 You feel yourself slow down a bit.
 Where do you want to travel to?
 (For instructions type a '?')
 You climb up the stairs.
 You are hit by an elven arrow.
 You stop searching.
 You are hit by an elven arrow.
 An elven arrow misses you.
 The Woodland-elf wields an elven short sword!
 You hear crashing rock.
 The Woodland-elf thrusts her elven short sword.
 The Woodland-elf hits!
 You hit the Woodland-elf.
 The Woodland-elf thrusts her elven short sword.
 The Woodland-elf hits!
 You die...
 Do you want your possessions identified? [ynq] (y) y
 Do you want to see your attributes? [ynq] (y) q

Inventory:
 Coins    ('$')
  $ - 1901 gold pieces
 Weapons  (')')
  p - 22 +0 arrows
  d - 41 +0 ya (in quiver)
  c - a +0 yumi
  x - a rusty -1 dwarvish mattock
  a - a corroded +0 katana (weapon in left hand)
  b - a +0 wakizashi (alternate weapon; not wielded)
 Armor    ('[')
  j - an uncursed +0 orcish helm (being worn)
  q - a cursed -2 pair of gauntlets of fumbling
  G - an uncursed +0 pair of iron shoes
  H - a cursed -2 dwarvish mithril-coat (being worn)
  e - an uncursed rustproof +0 splint mail
 Comestibles  ('%')
  E - an uncursed apple
  X - 4 uncursed gunyoki
  o - an uncursed tripe ration
  h - an uncursed tin of deep fried newt meat
 Scrolls  ('?')
  m - a cursed scroll of create monster
  W - a cursed scroll of enchant armor
  L - an uncursed scroll of light
 Potions  ('!')
  J - an uncursed potion of restore ability
  f - an uncursed potion of water
  n - an uncursed potion of water
 Rings    ('=')
  s - an uncursed ring of fire resistance
  D - an uncursed +2 ring of gain strength
 Wands    ('/')
  Y - a cursed wand of magic missile (0:6)
  K - a blessed wand of teleportation (0:4)
 Tools    ('(')
  y - an uncursed brass lantern
  M - an uncursed credit card
  B - an uncursed oil lamp (lit)
  t - an uncursed skeleton key
  z - an uncursed skeleton key
  u - an uncursed tin opener
  v - an uncursed wax candle
  F - an uncursed partly used wax candle
 Gems/Stones  ('*')
  i - 2 uncursed black opals
  l - 2 uncursed rubies
  r - an uncursed worthless piece of black glass
  C - an uncursed worthless piece of blue glass
  I - an uncursed worthless piece of green glass
  w - 2 uncursed worthless pieces of violet glass
  k - an uncursed worthless piece of white glass
  g - 2 uncursed worthless pieces of yellow glass
  A - an uncursed luckstone

Doran the Samurai's attributes:

Background:
 You were a Kunoichi, a level 6 female human Samurai.
 You were lawful, on a mission for Amaterasu Omikami
 who was opposed by Raijin (neutral) and Susanowo (chaotic).
 You were left-handed.
 You were in the Gnomish Mines, on level 6.
 You entered the dungeon 3074 turns ago.
 It was nighttime.
 You had 573 experience points, 67 more were needed to attain level 7.
 Your score was 5041 before end-of-game adjustments.

Basics:
 You had 0 out of 53 hit points.
 You had all 23 energy points (spell power).
 Your armor class was 5.
 Your wallet contained 1901 zorkmids.
 Autopickup was on for '$"?/=+!*' plus thrown, with exceptions.

Final Characteristics:
 Your strength was 16 (limit:18/100).
 Your dexterity was 15 (limit:18).
 Your constitution was 18 (limit:18).
 Your intelligence was 10 (limit:18).
 Your wisdom was 8 (limit:18).
 Your charisma was 9 (limit:18).

Final Status:
 You weren't hungry.
 You were burdened; movement was slightly slowed.
 You were wielding a long sword.
 You were skilled in long sword.

Final Attributes:
 You were piously aligned.
 You were guarded.
 You were fast.
 You were lucky.
 You had extra luck.
 Bad luck did not time out for you.
 Good luck did not time out for you.
 You are dead.

Miscellaneous:
 You didn't encounter any bones levels.
 Total elapsed playing time was 1 hour, 5 minutes and 44 seconds.

Major events:
 Turn
    1: Doran the lawful female human Samurai entered the dungeon
  863: attained the rank of Ronin (level 3)
  965: entered the Gnomish Mines
 2408: attained the rank of Kunoichi (level 6)
 2528: reached Mine Town
 3074: killed by a Woodland-elf

You didn't know any spells.

Skills:
 Fighting Skills
   martial arts      [Basic]
   two weapon combat [Unskilled]
   riding            [Unskilled]
 Weapon Skills
   dagger            [Unskilled]
   knife             [Unskilled]
   short sword       [Basic]
   broadsword        [Unskilled]
   long sword        [Skilled]
   two-handed sword  [Unskilled]
   saber             [Unskilled]
   flail             [Unskilled]
   quarterstaff      [Unskilled]
   polearms          [Unskilled]
   spear             [Unskilled]
   lance             [Unskilled]
   bow               [Basic]
   shuriken          [Unskilled]
 Spellcasting Skills
   attack spells     [Unskilled]
   divination spells [Unskilled]
   clerical spells   [Unskilled]

Voluntary challenges:
 Character rerolling was not enabled.
 You never genocided any monsters.
 You never polymorphed an object.
 You never changed form.
 You used no wishes.
Achievements:
 You entered a shop.
 You attained the rank of Ronin.
 You entered the Gnomish Mines.
 You attained the rank of Kunoichi.
 You entered Minetown.

 The Dungeons of Doom: levels 1 to 4
    Level 1: "vault"
       A fountain.
    Level 2:
       A general store, a fountain.
    Level 3:
       A scroll shop, many fountains.
       Stairs down to The Gnomish Mines.
    Level 4:
 The Gnomish Mines: levels 4 to 7
    Level 4:
    Level 5:
    Level 6: <- You were here.
       Final resting place for
          you, killed by a Woodland-elf.
    Level 7:


Vanquished creatures:
  a ghost
 an orc-captain
 an iron piercer
  a human zombie
  a Mordor orc
 an Uruk-hai
  a yellow light
  4 gnome leaders
  a giant ant
  a little dog
  a floating eye
  2 dwarves
  a kobold leader
  4 hill orcs
  a rothe
  2 rabid rats
  a dwarf zombie
 an acid blob
  a hobbit
  5 manes
  2 giant rats
  a cave spider
  a green mold
 25 gnomes
  5 geckos
  8 jackals
  3 goblins
  4 grid bugs
  a lichen
  2 kobold zombies
  4 newts
88 creatures vanquished.

No species were genocided or became extinct.

Game over:
                       ----------
                      /          \
                     /    REST    \
                    /      IN      \
                   /     PEACE      \
                  /                  \
                  |      Doran       |
                  |     1901 Au      |
                  |   killed by a    |
                  |   Woodland-elf   |
                  |                  |
                  |                  |
                  |       2026       |
                 *|     *  *  *      | *
        _________)/\\_//(\/(/\)/\//\/|_)_______

Sayonara Doran the Samurai...

You died in The Gnomish Mines on dungeon level 6 with 4851 points,
and 1901 pieces of gold, after 3074 moves.
You were level 6 with a maximum of 53 hit points when you died.

